 Dungeon Crawl Stone Soup version 0.28-a0-465-ge2dae52223 (webtiles) character file.

Game seed: 13797903462412717919

141 robertstho the Magician (level 5, 0/37 HPs)
             Began as a Djinni Fire Elementalist on Sept 14, 2021.
             Slain by an orc (4 damage)
             ... on level 3 of the Dungeon.
             The game lasted 00:02:21 (2910 turns).

robertstho the Magician (Djinni Fire Elementalist)  Turns: 2910, Time: 00:02:21

Health: 0/37       AC:  2    Str:  6 (7)  XL:     5   Next: 48%
Gold:   126        EV: 12    Int: 16 (18) God:
                   SH:  0    Dex: 10 (13)

rFire   + + .      SeeInvis .   d - +0 dagger
rCold   x . .      Faith    .   (no shield)
rNeg    . . .      Spirit   .   a - +0 robe
rPois   ∞          Reflect  .   (no helmet)
rElec   .          Harm     .   (no cloak)
rCorr   .          Rampage  .   (no gloves)
Will    .....                   (boots unavailable)
Stlth   ++........              (no amulet)
HPRegen 0.12/turn               (no ring)
MPRegen 0.00/turn               (no ring)

@: about to teleport, flying, very slightly contaminated
A: sickness immunity, fire resistance 2, cold vulnerability 1, float, innate
caster, hp casting, extra vitality 1
a: no special abilities


You were on level 3 of the Dungeon.
You visited 1 branch of the dungeon, and saw 3 of its levels.

You collected 126 gold pieces.

Inventory:

Hand Weapons
 d - a +0 dagger (weapon)
Armour
 a - a +0 robe (worn)
Jewellery
 b - a ring of see invisible
 f - an amulet of faith
 h - a +6 ring of dexterity
Scrolls
 i - a scroll of summoning {unknown}
 j - a scroll of identify {unknown}


   Skills:
 * Level 1.5 Fighting
 + Level 2.4 Dodging
 + Level 1.8 Stealth
 * Level 4.0 Spellcasting


You couldn't memorise any spells.
You knew the following spells:

 Your Spells              Type           Power      Damage    Failure   Level
a - Foxfire               Conj/Fire      64%        2x1d7     3%          1
b - Scorch                Fire           32%        2d6       4%          2
c - Conjure Flame         Conj/Fire      16%        6-21      10%         3
d - Inner Flame           Hex/Fire       16%        N/A       10%         3
e - Flame Wave            Conj/Fire      16%        3d5       30%         4
f - Freeze                Ice            64%        1d8       3%          1
g - Corpse Rot            Necr/Air       N/A        N/A       4%          2
Your spell library was empty.

Dungeon Overview and Level Annotations

Branches:
Dungeon (3/15)

Altars:


Innate Abilities, Weirdness & Mutations

You are immune to sickness and miasma.
You are immune to poison.
Your flesh is very heat resistant. (rF++)
You are vulnerable to cold. (rC-)
You float through the air rather than walking.
You learn spells naturally, not from books.
Your magical power is your life essence.
You have superior vitality. (+4 HP)


Message History

Something hits you but does no damage.
Casting: Scorch (safe; 4% risk of failure)
Confirm with . or Enter, or press ? or * to list all spells.
Flames lash something.
Reactivating autopickup.
You feel a bit more experienced.
Your Spellcasting skill increases to level 4!
Casting: Scorch (safe; 4% risk of failure)
Confirm with . or Enter, or press ? or * to list all spells.
Flames lash the jackal.
You kill the jackal!
Casting: Scorch (safe; 4% risk of failure)
Confirm with . or Enter, or press ? or * to list all spells.
You miscast Scorch.
Nothing appears to happen.
The orc misses you.
Casting: Scorch (safe; 4% risk of failure)
Confirm with . or Enter, or press ? or * to list all spells.
Flames lash the orc but do no damage.
The orc closely misses you.
Casting: Scorch (safe; 4% risk of failure)
Confirm with . or Enter, or press ? or * to list all spells.
Flames lash the orc but do no damage.
The orc hits you with a +0 club.
* * * LOW HITPOINT WARNING * * *
Casting: Scorch (safe; 4% risk of failure)
Confirm with . or Enter, or press ? or * to list all spells.
Flames lash the orc.
The orc is severely wounded.
The orc's fire resistance burns away.
* * * LOW HITPOINT WARNING * * *
The orc hits you with a +0 club.
* * * LOW HITPOINT WARNING * * *
It was a potion of magic.
Magic washes over you without effect. The orc barely misses you.
It was a potion of degeneration.
There was something very wrong with that liquid.
You feel weakened.
You feel dopey.
You feel clumsy. The orc hits you with a +0 club.
* * * LOW HITPOINT WARNING * * *
As you read the scroll labelled NIAGGEODGHULOWN, it crumbles to dust.
You feel strangely unstable.
It was a scroll of teleportation.
The orc hits you with a +0 club.
You die...

......#...........#
#.# ......#
.....o....########.###
......#
.........#..........#
......# .......
#.########## ......#
.ob.. #.# ......#


ho. #.# ......# #'# #.# ......# #B#####.# ####### #oho@...# ######### You could
see 2 orcs, a jackal and a giant cockroach.

Vanquished Creatures
  2 jellies (D:3)
  An orc wizard (D:3)
  An adder (D:2)
  4 dart slugs
  An orc (D:3)
  A ball python (D:2)
  4 bats
  An endoplasm (D:3)
  A giant cockroach (D:2)
  2 goblins
  2 hobgoblins
  2 jackals (D:3)
  2 quokkas (D:1)
  7 frilled lizards
  A kobold (D:3)
  2 rats
34 creatures vanquished.

Vanquished Creatures (others)
  139 foxfires
139 creatures vanquished.

Grand Total: 173 creatures vanquished

Notes
Turn   | Place    | Note
-------+----------+-------------------------------------------
     0 | D:1      | robertstho the Djinni Fire Elementalist began the quest for
                  | the Orb.
     0 | D:1      | Reached XP level 1. HP: 15/15 MP: 0/0
   309 | D:1      | Reached XP level 2. HP: 20/21 MP: 0/0
   728 | D:1      | Found a faded altar of an unknown god.
  1217 | D:2      | Reached skill level 3 in Spellcasting
  1291 | D:2      | Reached XP level 3. HP: 25/26 MP: 0/0
  1291 | D:2      | Learned a level 1 spell: Freeze
  1791 | D:2      | Reached skill level 1 in Fighting
  2303 | D:3      | Reached XP level 4. HP: 8/32 MP: 0/0
  2704 | D:3      | Reached XP level 5. HP: 32/37 MP: 0/0
  2704 | D:3      | Learned a level 2 spell: Corpse Rot
  2903 | D:3      | Reached skill level 4 in Spellcasting
  2910 | D:3      | Slain by an orc

Illustrated notes

Levels and vault maps discovered:
D:1:      nicolae_arrival_memento_mori, layout_loops_ring,
          shapermc_ecumenical_altar_acropolis
D:2:      layout_loops_corners
D:3:      minmay_roachtagon, layout_basic

Skill      XL: |  1  2  3  4  5 |
---------------+----------------+-----
Spellcasting   | 3 4 |  4.0
Fighting       | 1 |  1.5
Dodging        | |  2.4
Stealth        | |  1.8

Action                   |  1- 3 |  4- 6 || total
-------------------------+-------+-------++-------
 Cast: Foxfire           |    80 |    17 ||    97
       Scorch            |       |    10 ||    10
  Use: Potion            |       |     2 ||     2
       Scroll            |       |     1 ||     1
Armor: Robe              |     1 |     1 ||     2
Dodge: Dodged            |     3 |     6 ||     9

Table legend: (Time is in decaauts)
 A = Elapsed time spent in this place.
 B = Non-inter-level travel time spent in this place.
 C = Inter-level travel time spent in this place.
 D = Time resting spent in this place.
 E = Time spent auto-exploring this place.
 F = Levels seen in this place.
 G = Mean time per level.
                   A        B        C        D        E       F      G
               +--------+--------+--------+--------+--------+-----+--------+
         Total |   2908 |   2869 |     39 |      0 |   2620 |   3 |  969.3 |
       Dungeon |   2908 |   2869 |     39 |      0 |   2620 |   3 |  969.3 |
               +--------+--------+--------+--------+--------+-----+--------+

Top non-repeatable levels by time:
     D:1: 1177 daAuts
     D:2: 1094 daAuts
     D:3: 636 daAuts
